 Dungeon Crawl Stone Soup version 0.21.1-1-g345015f (webtiles) character file.

812 diana the Skirmisher (level 7, 0/66 HPs)
             Began as a Minotaur Abyssal Knight on June 2, 2018.
             Was a Priest of Lugonu.
             Slain by an orc
             ... wielding a +0 trident
              (7 damage)
             ... on level 5 of the Dungeon.
             The game lasted 00:08:10 (3841 turns).

diana the Skirmisher (Minotaur Abyssal Knight)      Turns: 3841, Time: 00:08:10

Health: 0/66       AC:  5    Str: 20    XL:     7   Next: 61%
Magic:  7/7        EV: 12    Int:  9    God:    Lugonu [***...]
Gold:   226        SH:  0    Dex: 10    Spells: 6/6 levels left

rFire    . . .     SeeInvis .   a - +1 mace
rCold    . . .     Gourm    .   (no shield)
rNeg     + . .     Faith    .   q - +1 leather armour {rN+}
rPois    .         Spirit   .   v - +1 hat
rElec    .         Reflect  .   (no cloak)
rCorr    +         Harm     .   (no gloves)
MR       .....                  (no boots)
Stlth    +.........             (no amulet)
HPRegen  0.21/turn              p - ring of resist corrosion
MPRegen  0.10/turn              e - +2 ring of strength

@: no status effects
A: retaliatory headbutt, horns 2
a: Depart the Abyss, Bend Space, Banish, Renounce Religion


You were on level 5 of the Dungeon.
You worshipped Lugonu.
Lugonu was most pleased with you.
You were very hungry.

You visited 1 branch of the dungeon, and saw 5 of its levels.
You visited the Abyss 1 time.

You collected 226 gold pieces.

Inventory:

Hand Weapons
 a - a +1 mace (weapon)
Armour
 b - a +0 leather armour
 q - a +1 leather armour of positive energy (worn)
 v - a +1 hat (worn)
Jewellery
 e - a +2 ring of strength (right hand)
 f - a cursed amulet of inaccuracy {unknown}
 j - an uncursed ring of loudness
 m - an uncursed ring of stealth
 p - a ring of resist corrosion (left hand)
Scrolls
 l - 2 scrolls of enchant weapon
 o - a scroll of magic mapping {unknown}
 t - 2 scrolls of identify
 w - 3 scrolls of remove curse
 y - a scroll of teleportation {unknown}
Potions
 d - a potion of resistance {unknown}
 g - a potion of heal wounds {unknown}
 h - 2 potions of cancellation
 i - a potion of mutation {unknown}
 r - a potion of degeneration {unknown}
 s - a potion of magic {unknown}
 u - 3 potions of curing {unknown}
 x - a potion of flight {unknown}
Comestibles
 c - 11 rations


   Skills:
 + Level 7.1 Fighting
 + Level 6.4 Maces & Flails
 + Level 3.8 Armour
 + Level 3.4 Dodging
 + Level 1.3 Stealth
 + Level 2.3 Invocations


You had 6 spell levels left.
You didn't know any spells.

Dungeon Overview and Level Annotations

Branches:
Dungeon (5/15)
 Temple: D:4-7

Altars:
Ashenzari
Elyvilon
Fedhas
Hepliaklqana
Okawaru
Qazlal
Sif Muna
Uskayaw
Wu Jian
Yredelemnul

Annotations:
D:5 1 runed door


Innate Abilities, Weirdness & Mutations

You reflexively headbutt those who attack you in melee.
You have a pair of horns on your head.


Message History

Your transformation is almost over.
The orc barely misses you. The orc hits you but does no damage.
The orc hits you but does no damage. The orc hits you but does no damage.
The orc barely misses you. The orc hits you but does no damage.
The orc hits you but does no damage. The orc hits you but does no damage.
The orc hits you from afar with a trident.
* * * LOW HITPOINT WARNING * * *
You feel less wooden.
Your +1 hat unmelds from your body.
Your +1 leather armour of positive energy unmelds from your body.
You feel more protected from negative energy.
The orc hits you from afar with a trident.
* * * LOW HITPOINT WARNING * * *
The orc closely misses you.
The orc hits you from afar with a trident!
You die...

.####.........# ##
##.......## #
##.....## .# #
##...####### .# .#
#####.#......# .##.
........####.# o..
#####...# #.# .o
#.......####.# .#
#..<......##@#####.#
#.......#...).o(.).#
#..#....####.#######
...#..... ...#
.......#######
.##..# ... ###.


You could see an orc.

Vanquished Creatures
  An ice beast (D:5)
  A bullfrog (D:4)
  A scorpion (D:5)
  A jelly (D:5)
  5 orc priests
  5 orc wizards
  An iguana (D:5)
  2 worker ants
  10 adders
  A shadow imp (D:5)
  2 oozes
  2 worms (D:3)
  6 leopard geckos
  21 orcs
  2 ball pythons
  4 bats
  2 giant cockroaches
  8 goblins
  10 hobgoblins
  7 jackals
  3 kobolds (D:1)
  A quokka (D:2)
  A frilled lizard (D:4)
  A leopard gecko zombie (D:5)
  3 rats
101 creatures vanquished.

Vanquished Creatures (others)
  An orc (D:3)
  A goblin (D:3)
  A quokka (D:3)
3 creatures vanquished.

Grand Total: 104 creatures vanquished

Notes
Turn   | Place    | Note
-------+----------+-------------------------------------------
     0 | Abyss:1  | diana the Minotaur Abyssal Knight began the quest for the Orb.
     0 | Abyss:1  | Reached XP level 1. HP: 19/19 MP: 1/1
    20 | Abyss:1  | Noticed a chaos spawn
    62 | D:1      | Escaped the Abyss
   106 | D:1      | Reached * piety under Lugonu
   106 | D:1      | Reached skill level 4 in Fighting
   114 | D:1      | Reached XP level 2. HP: 24/27 MP: 2/2
   570 | D:1      | Reached XP level 3. HP: 34/34 MP: 3/3
   696 | D:2      | Noticed a dagger
   696 | D:2      | Noticed a dagger
   705 | D:2      | Found a hide-covered altar of Uskayaw.
   779 | D:2      | Reached skill level 5 in Fighting
  1126 | D:2      | Reached XP level 4. HP: 39/42 MP: 4/4
  1370 | D:2      | Reached ** piety under Lugonu
  1506 | D:3      | Reached XP level 5. HP: 34/50 MP: 5/5
  1523 | D:3      | Found a white marble altar of Elyvilon.
  1684 | D:3      | Found a faded altar of an unknown god.
  1856 | D:3      | Found a basalt altar of Yredelemnul.
  1856 | D:3      | Found a shattered altar of Ashenzari.
  1937 | D:3      | Reached skill level 6 in Fighting
  2224 | D:4      | Found a blossoming altar of Fedhas.
  2233 | D:4      | Found an iron altar of Okawaru.
  2334 | D:4      | HP: 1/50 [orc priest/divine providence (9)]
  2822 | D:3      | Reached XP level 6. HP: 10/57 MP: 6/6
  3132 | D:4      | Reached skill level 5 in Maces & Flails
  3140 | D:4      | Found a stormy altar of Qazlal.
  3234 | D:4      | Found a hazy altar of Hepliaklqana.
  3384 | D:4      | Found a deep blue altar of Sif Muna.
  3466 | D:5      | Entered Level 5 of the Dungeon
  3479 | D:5      | Noticed an ice beast
  3491 | D:5      | Killed an ice beast
  3491 | D:5      | Reached XP level 7. HP: 38/64 MP: 7/7
  3524 | D:5      | Reached *** piety under Lugonu
  3580 | D:5      | Reached skill level 1 in Stealth
  3623 | D:5      | Found an ornate altar of the Wu Jian Council.
  3723 | D:5      | Found a runed door.
  3740 | D:5      | Reached skill level 7 in Fighting
  3841 | D:5      | Slain by an orc

Skill      XL: |  1  2  3  4  5  6  7 |
---------------+----------------------+-----
Fighting       | 4 5 6 7 |  7.1
Invocations    | 2 |  2.3
Maces & Flails | 3 4 5 6 |  6.4
Armour         | 3 |  3.8
Dodging        | 2 3 |  3.4
Stealth        | 1 |  1.3

Action                   |  1- 3 |  4- 6 |  7- 9 || total
-------------------------+-------+-------+-------++-------
Melee: Mace              |    59 |   138 |    70 ||   267
       Headbutt          |    10 |    18 |    16 ||    44
Invok: Depart the Abyss  |     1 |       |       ||     1
       Bend Space        |       |     2 |       ||     2
  Use: Scroll            |     3 |       |       ||     3
       Potion            |       |     2 |     2 ||     4
  Eat: Chunk             |       |     4 |     1 ||     5
       Ration            |       |     1 |       ||     1
Armor: Leather armour    |    14 |    29 |    18 ||    61
       Skin              |       |     5 |    29 ||    34
Dodge: Dodged            |    39 |   107 |    36 ||   182
